 Dungeon Crawl Stone Soup version 0.23-a0-164-g7711e57 (webtiles) character file.

490 grindst0ne the Covert (level 7, -5/49 HPs)
             Began as an Octopode Assassin on Sept 9, 2018.
             Was a Believer of Cheibriados.
             Slain by a gnoll
             ... wielding a cursed -2 spear
              (13 damage)
             ... on level 4 of the Dungeon.
             The game lasted 00:07:42 (2543 turns).

grindst0ne the Covert (Octopode Assassin)           Turns: 2543, Time: 00:07:43

Health: -5/49      AC:  1    Str: 15    XL:     7   Next: 14%
Magic:  7/7        EV: 13    Int: 19    God:    Cheibriados [**....]
Gold:   211        SH:  5    Dex: 17    Spells: 6/6 levels left

rFire    + . .     SeeInvis .   k - +1 short sword (elec)
rCold    . . .     Gourm    .   h - +0 buckler (curse)
rNeg     + . .     Faith    .   (helmet restricted)
rPois    .         Spirit   .   (no amulet)
rElec    .         Reflect  .   g - ring of protection from fire
rCorr    .         Harm     .   n - ring of positive energy
MR       .....                  (no ring)
Stlth    +++++.....             (no ring)
HPRegen  0.16/turn              (no ring)
MPRegen  0.10/turn              (no ring)
                                (no ring)
                                (no ring)

@: very slow
A: almost no armour, stealthy swim, amphibious, 8 rings, constrict 8, camouflage
1, gelatinous body 1
a: Bend Time, Renounce Religion


You were on level 4 of the Dungeon.
You worshipped Cheibriados.
Cheibriados was pleased with you.
You were not hungry.

You visited 1 branch of the dungeon, and saw 4 of its levels.

You collected 211 gold pieces.

Inventory:

Hand Weapons
 a - a +2 dagger
 b - a +0 blowgun
 k - a +1 short sword of electrocution (weapon)
Missiles
 c - 27 poisoned needles
 d - 9 curare-tipped needles
Armour
 h - a cursed +0 buckler (worn)
Jewellery
 g - a ring of protection from fire (left tentacle)
 n - a ring of positive energy (right tentacle)
Scrolls
 e - 3 scrolls of magic mapping
 j - a scroll of enchant weapon {unknown}
 l - 2 scrolls of fear {unknown}
 q - a scroll of identify
 r - a scroll of remove curse {unknown}
 s - a scroll of amnesia {unknown}
 t - a scroll of random uselessness {unknown}
Potions
 m - 2 potions of curing
 o - a potion of invisibility
 p - a potion of lignification
 u - a potion of might
Comestibles
 f - 2 rations
 i - 4 chunks of flesh


   Skills:
 + Level 4.6 Fighting
 - Level 2.0 Short Blades
 - Level 2.0 Throwing
 - Level 1.0 Dodging
 + Level 8.0 Stealth
 + Level 3.9 Shields


You had 6 spell levels left.
You didn't know any spells.
Your spell library was empty.

Dungeon Overview and Level Annotations

Branches:
Dungeon (4/15)
 Temple: D:4-7

Altars:
Cheibriados
Hepliaklqana
Vehumet
Wu Jian
Xom
Yredelemnul
Zin


Innate Abilities, Weirdness & Mutations

You cannot wear most types of armour.
You are very stealthy in the water. (Stealth+)
You are amphibious.
You can wear up to eight rings at the same time.
You can use your tentacles to constrict eight enemies at once.
Your skin changes colour to match your surroundings (Stealth+).
Your rubbery body absorbs attacks. (AC +1, EV +1)


Message History

You constrict the gnoll, but do no damage.
The gnoll hits you but does no damage. You block the gnoll's attack.
You hit the gnoll.
The gnoll is heavily wounded.
You constrict the gnoll. You block the gnoll's attack.
The gnoll hits you from afar with a spear!
You block the gnoll's attack.
You hit the gnoll. You squeeze the gnoll.
You kill the gnoll!
Cheibriados appreciates the change of pace.
The gnoll hits you. The gnoll barely misses you.
You hit the gnoll but do no damage. You grab the gnoll. You squeeze the gnoll.
You kill the gnoll!
Cheibriados appreciates the change of pace.
The gnoll hits you!
The gnoll hits you from afar with a spear!
* * * LOW HITPOINT WARNING * * *
The gnoll barely misses you. x2; The gnoll closely misses you.
The gnoll hits you with a spear!
You die...

#...#.# $ #...#.#
#.## ###..(..#+##...
#.#....##.......#
###
#....g..#.......# ..
###...#.#.......##.#
.....##............
##... #g........#.#
#... #@g.......#.#
#.. #o######....#
#..
#.........######..
#.....##.[........
########
#.....+...)######
........
#.....###..#
..###### #.....#
#รท.# ..#
>.........# #..# ..#
#.##.##....# #..#


You could see 2 gnolls and an orc.

Vanquished Creatures
  A hippogriff (D:4)
  A black bear (D:4)
  An orc priest (D:3)
  A worker ant (D:4)
  2 gnolls (D:4)
  6 adders
  An ooze (D:1)
  2 worms
  3 dart slugs
  2 leopard geckos
  9 orcs
  A ball python (D:3)
  7 giant cockroaches
  10 goblins
  8 hobgoblins
  2 jackals (D:4)
  3 quokkas (D:3)
  6 bats
  2 frilled lizards (D:1)
  7 kobolds
  4 rats (D:1)
79 creatures vanquished.

Notes
Turn   | Place    | Note
-------+----------+-------------------------------------------
     0 | D:1      | grindst0ne the Octopode Assassin began the quest for the
                  | Orb.
     0 | D:1      | Reached XP level 1. HP: 14/14 MP: 1/1
   260 | D:1      | Reached XP level 2. HP: 15/19 MP: 2/2
   421 | D:1      | Reached skill level 1 in Shields
   482 | D:1      | Reached XP level 3. HP: 25/25 MP: 3/3
   836 | D:2      | Reached skill level 6 in Stealth
   837 | D:2      | Found a basalt altar of Yredelemnul.
   949 | D:2      | Found a snail-covered altar of Cheibriados.
   967 | D:2      | Became a worshipper of Cheibriados the Contemplative
  1188 | D:2      | Found a hazy altar of Hepliaklqana.
  1200 | D:2      | Noticed an angel
  1201 | D:2      | Found a glowing silver altar of Zin.
  1204 | D:2      | Found a shimmering altar of Xom.
  1413 | D:3      | Reached XP level 4. HP: 29/31 MP: 4/4
  1485 | D:3      | HP: 1/31 [orc priest/falchion (5)]
  1781 | D:3      | Reached * piety under Cheibriados
  1838 | D:3      | Reached XP level 5. HP: 21/36 MP: 5/5
  2332 | D:4      | Noticed a black bear
  2336 | D:4      | Killed a black bear
  2336 | D:4      | Reached skill level 7 in Stealth
  2336 | D:4      | Reached XP level 6. HP: 43/43 MP: 6/6
  2379 | D:4      | Found a radiant altar of Vehumet.
  2423 | D:4      | Noticed a hippogriff
  2454 | D:4      | Reached ** piety under Cheibriados
  2468 | D:4      | Killed a hippogriff
  2468 | D:4      | Reached XP level 7. HP: 49/49 MP: 7/7
  2490 | D:4      | Reached skill level 8 in Stealth
  2527 | D:4      | Found an ornate altar of the Wu Jian Council.
  2527 | D:4      | Noticed a hippogriff
  2543 | D:4      | Slain by a gnoll

Vault maps used:
D:1:      ebering_hopf_link, serial_co_window_serial, co_window_paths_b,
          co_window_paths_a, co_window_cross_1, co_window_of_opportunity_a,
          co_window_paths_a, co_window_paths_b, co_window_corner_a,
          co_window_corner_a, co_window_paths_b, co_window_cross_4,
          co_window_broadway_b, glass_columns_a, glass_columns_b,
          glass_columns_b, moated_statue, st_stairs_7, corner_web_ring
D:2:      grunt_temple_overflow_order_and_chaos_1,
          nicolae_overflow_hidden_temple, grunt_temple_overflow_open,
          hangedman_decor_push, fountainhead, minmay_misc_feat_columns
D:3:      minmay_door_path
D:4:      vehumet_crystals, gammafunk_temple_overflow_arena, first_ration,
          uniq_grinder, uniq_crazy_yiuf_cottage, uniq_edmund

Skill      XL: |  1  2  3  4  5  6  7 |
---------------+----------------------+-----
Shields        | 1 2 3 |  3.9
Stealth        | 6 7 8 |  8.0
Fighting       | 3 4 |  4.6
Short Blades   | |  2.0
Throwing       | |  2.0
Dodging        | |  1.0

Action                   |  1- 3 |  4- 6 |  7- 9 || total
-------------------------+-------+-------+-------++-------
Melee: Dagger            |    15 |       |       ||    15
       Constrict         |    12 |    16 |     3 ||    31
       Tentacles         |    11 |    10 |     3 ||    24
       Short sword       |    37 |    65 |    21 ||   123
  Use: Potion            |       |     2 |       ||     2
       Scroll            |       |     5 |       ||     5
 Stab: Sleeping          |    13 |    11 |       ||    24
  Eat: Chunk             |     2 |     2 |       ||     4
Armor: Skin              |     4 |    33 |    11 ||    48
Dodge: Dodged            |    10 |    28 |    15 ||    53
Block: Buckler           |     9 |    11 |    10 ||    30

Table legend:
 A = Non-vault XP
 B = Vault XP
 C = Vault XP percentage of total XP
 D = Non-vault monster count
 E = Vault monster count
 F = Vault count percentage of total count
                 A         B        C        D         E       F
            +---------+---------+-------+---------+---------+-------
      Total |     697 |       4 |   0.6 |      77 |       2 |   2.5
            +---------+---------+-------+---------+---------+-------
        D:1 |      47 |       0 |   0.0 |      25 |       0 |   0.0
        D:2 |      29 |       0 |   0.0 |       6 |       0 |   0.0
        D:3 |     146 |       4 |   2.7 |      33 |       2 |   5.7
        D:4 |     475 |       0 |   0.0 |      13 |       0 |   0.0
            +---------+---------+-------+---------+---------+-------
